 Dungeon Crawl Stone Soup version 0.22-a0-252-gcace5d2 (webtiles) character file.

40073 sankara the Severer (level 14, -12/132 HPs)
             Began as a Hill Orc Fighter on Mar 1, 2018.
             Was the Champion of Yredelemnul.
             Mangled by a polar bear (15 damage)
             ... while paralysed by a hornet
             ... on level 6 of the Lair of Beasts.
             The game lasted 01:22:21 (22450 turns).

sankara the Severer (Hill Orc Fighter)             Turns: 22450, Time: 01:22:22

Health: -12/132    AC: 18    Str: 20    XL:     14   Next: 9%
Magic:  23/23      EV:  2    Int: 15    God:    Yredelemnul [******]
Gold:   1102       SH:  0    Dex: 10    Spells: 13/13 levels left

rFire    + . .     SeeInvis .   a - +6 hand axe of Veenoter {elec, -Tele rF+ rC+}
rCold    + . .     Gourm    .   h - +0 shield
rNeg     . . .     Faith    .   D - +0 chain mail (curse)
rPois    +         Spirit   .   E - +0 helmet {Int+3}
rElec    .         Reflect  .   t - +0 cloak
rCorr    .         Harm     .   e - +0 pair of gloves
MR       ++...     Clarity  +   u - +0 pair of boots Stlth ..........NoTele +
                                B - amulet of magic regeneration
HPRegen  0.32/turn              X - ring of protection from magic {MR+, !d}
MPRegen  0.43/turn              r - ring of poison resistance {rPois, !d}

@: paralysed, lethally poisoned (-12 -> -14), slowed
A: clarity, shaggy fur 1
a: Recall Undead Slaves, Injury Mirror, Animate Dead, Drain Life, Enslave Soul,
Renounce Religion


You were on level 6 of the Lair of Beasts.
You worshipped Yredelemnul.
Yredelemnul was exalted by your worship.
You were near starving.

You visited 3 branches of the dungeon, and saw 18 of its levels.
You also visited: Sewer and Ice Cave.

You collected 1102 gold pieces.

Inventory:

Hand Weapons
 a - the +6 hand axe of Veenoter (weapon) {elec, -Tele rF+ rC+}
   (You found it in an ice cave)

   Occasionally, upon striking a foe, it will discharge some electrical energy
   and cause terrible harm.
   It protects you from fire.
   It protects you from cold.
   It prevents most forms of teleportation.
 b - a +0 war axe
 d - a +0 blowgun
   (You took it off a kobold in a sewer)
 o - a +0 hunting sling
   (You found it on level 4 of the Dungeon)
Missiles
 j - 409 stones (quivered)
 A - 16 tomahawks
 C - 31 sling bullets
 O - 6 exploding tomahawks
Armour
 e - a +0 pair of gloves (worn)
   (You found it on level 1 of the Dungeon)
 h - a +0 shield (worn)
 t - a +0 cloak (worn)
   (You found it on level 2 of the Lair of Beasts)
 u - a +0 pair of boots (worn)
   (You found it on level 11 of the Dungeon)
 D - a cursed +0 chain mail (worn)
   (You took it off a kobold on level 6 of the Dungeon)
 E - a +0 helmet of intelligence (worn)
   (You found it on level 6 of the Dungeon)
Magical Staves
 c - an uncursed staff of energy {+MP, hungerless spells, !d!a@w1}
   (You took it off an orc on level 9 of the Dungeon)
Jewellery
 r - a ring of poison resistance (right hand) {rPois, !d}
   (You found it on level 3 of the Dungeon)
 y - an uncursed ring of magical power {MP+9}
   (You found it on level 5 of the Dungeon)
 B - an amulet of magic regeneration (around neck)
   (You found it on level 5 of the Dungeon)
 W - an uncursed ring of protection from cold {rC+, !d}
   (You found it in an ice cave)
 X - a ring of protection from magic (left hand) {MR+, !d}
   (You found it on level 1 of the Lair of Beasts)
 Y - the ring of Lugonu's Pride {+Fly Str+4 Dex+4}
   (You found it on level 1 of the Lair of Beasts)

   [ring of flight]

   It affects your strength (+4).
   It affects your dexterity (+4).
   It lets you fly.
Wands
 p - a wand of flame (96)
   (You found it on level 3 of the Dungeon)
 J - a wand of digging (13)
   (You found it on level 6 of the Lair of Beasts)
 Q - a wand of iceblast (16)
   (You found it on level 10 of the Dungeon)
 S - a wand of paralysis (28)
   (You found it in an ice cave)
Scrolls
 g - 5 scrolls of magic mapping {!r}
 i - 4 scrolls of identify
 l - 2 scrolls of fear
 q - 6 scrolls of remove curse
 s - a scroll of brand weapon {unknown}
 v - 5 scrolls of teleportation
 w - 3 scrolls of enchant armour
 x - 4 scrolls of blinking {!r}
 z - a scroll of noise {unknown}
 F - 2 scrolls of immolation {unknown}
 G - a scroll of fog {unknown}
 H - a scroll of acquirement {unknown}
 I - 2 scrolls of summoning
 K - 4 scrolls of enchant weapon
 L - a scroll of amnesia {unknown}
Potions
 k - 11 potions of heal wounds
 m - a potion of flight
 n - 12 potions of curing
 M - a potion of lignification {!q}
 N - 2 potions of mutation {!q}
 P - 3 potions of might
 T - a potion of haste
 U - a potion of berserk rage {!q}
 V - 2 potions of cancellation
Miscellaneous
 Z - a lightning rod (4/4)
   (You found it on level 6 of the Lair of Beasts)
Comestibles
 f - 21 rations


   Skills:
 + Level 14.3 Fighting
 - Level 16.0 Axes
 + Level 9.8 Armour
 + Level 6.6 Dodging
 + Level 8.0 Shields
 + Level 12.5 Invocations


You had 13 spell levels left.
You didn't know any spells.

Dungeon Overview and Level Annotations

Branches:
Dungeon (11/15)            Temple (1/1) D:4            Lair (6/6) D:9
 Shoals (0/4) Lair:4       Spider (0/4) Lair:2        Slime (0/5) Lair:6
    Orc (0/2) D:11

Altars:
Ashenzari
Cheibriados
Dithmenos
Elyvilon
Fedhas
Gozag
Hepliaklqana
Kikubaaqudgha
Nemelex Xobeh
Sif Muna
Wu Jian
Yredelemnul
The Shining One
Jiyva

Shops:
D:7 :[(=:   D:10 (   D:11 !


Innate Abilities, Weirdness & Mutations

You possess an exceptional clarity of mind.
You are covered in fur. (AC +1)


Message History

The polar bear goes berserk!
You block the spriggan's attack.
Your phantasmal warrior blinks!
The hornet stings you.
You are poisoned.
The wolf barely misses you.
You are too injured to fight recklessly!
You are too injured to fight recklessly!
Unknown command.
You call on the dead to rise...
The dead are walking!
You are near starving!
You feel yourself speed up.
You feel sick. You block the polar bear's attack.
The polar bear claws you but does no damage.
The polar bear barely misses you. The wolf bites you but does no damage.
Rupert hits the wolf with a great mace of crushing.
You block the hornet's attack. The polar bear closely misses you.
The polar bear claws you. The polar bear closely misses you.
The crocodile bites your wolf zombie but does no damage.
The spriggan hits you but does no damage.
Something hits the boggart!!
The boggart dies!
Yredelemnul accepts your kill.
The black mamba dissolves into shadows!
The wolf bites you but does no damage.
Something bites the plant but does no damage.
The hornet completely misses you.
Something bites the plant but does no damage.
Rupert misses the wolf.
The polar bear completely misses you. You block the polar bear's attack.
The polar bear claws you but does no damage.
You are too injured to fight recklessly!
You are too injured to fight recklessly!
You are too injured to fight recklessly!
You hit the hornet.
The hornet is severely wounded.
You hit the spriggan. You hit the wolf. You completely miss the polar bear.
You feel sick. The wolf barely misses you.
The spriggan hits you but does no damage.
You block the hornet's attack.
Something bites the plant!
The plant is destroyed!
Your wolf zombie completely misses the crocodile.
Your wolf zombie bites the water moccasin.
The polar bear closely misses you. The polar bear claws you. x2
You hit the hornet but do no damage.
The hornet is severely wounded.
You completely miss the polar bear. You slash the wolf!
Lightning courses through the wolf!
You kill the wolf!
Yredelemnul accepts your kill. The spriggan blocks your attack.
You block the hornet's attack. The spriggan completely misses you.
Rupert hits the water moccasin with a great mace of crushing!
Your wolf zombie barely misses the crocodile.
You barely miss the hornet.
The hornet is severely wounded.
You hit the polar bear. You hit the water moccasin.
The spriggan blocks your attack.
You feel sick. You block the polar bear's attack. x2
The polar bear claws you but does no damage.
The water moccasin bites Rupert but does no damage.
The hornet stings you.
You suddenly lose the ability to move!
Your wolf zombie bites the crocodile!
Your wolf zombie bites the crocodile.
The polar bear bites you!! The polar bear claws you. x2
The water moccasin bites Rupert.
The spriggan hits you but does no damage.
The hornet stings you.
Rupert hits the water moccasin with a great mace of crushing.
The water moccasin dies!
The water moccasin's corpse dissolves into shadows!
Your wolf zombie barely misses the crocodile.
Your wolf zombie misses the crocodile.
The polar bear bites you but does no damage.
The polar bear claws you. x2
You feel sick.
The hornet stings you but does no damage.
Your wolf zombie closely misses the boggart.
Your wolf zombie bites the boggart.
Your phantasmal warrior blinks!
The polar bear bites you!
* * * LOW HITPOINT WARNING * * *
The polar bear claws you but does no damage. x2
The spriggan hits you but does no damage.
The spiny frog stings you but does no damage.
The hornet stings you.
* * * LOW HITPOINT WARNING * * *
You feel yourself slow down.
Rupert hits the spiny frog with a great mace of crushing!
You feel sick.
Your wolf zombie bites the boggart. x2
The polar bear bites you!
* * * LOW HITPOINT WARNING * * *
The polar bear claws you but does no damage. x2
The boggart casts a spell.
The spiny frog stings you!
* * * LOW HITPOINT WARNING * * *
Your phantasmal warrior barely misses the polar bear.
The spriggan hits you but does no damage.
The hornet stings you but does no damage.
Your wolf zombie closely misses the boggart. x2
The polar bear bites you!
You die...
Your body rises from the dead as a mindless zombie.

♣.##
######.##...
♣..##
##.##...
♣..Z#
##.......
♣.ZZ#
#........
♣♣ZZ#
#........
♣♣ZZ#
#....Z.Z.
♣♣♣VZ#.#
####.#...
♣..♣♣iZzz.##
##...#
♣ZgSF@♣♣♣#
#.#.#


♣ZZthy♣ ###.# ♣..♣W♣♣♣ ### ... ♣♣ .. You could see a polar bear (berserk), a
spiny frog, a hornet, a water moccasin, a crocodile, a spriggan, a boggart, a
friendly skeletal warrior, a friendly phantasmal warrior, the friendly Rupert
the spectral human, a friendly vampire (invisible), a friendly flying skull, 2
friendly wolf zombies, a friendly crocodile zombie, a friendly hippogriff
zombie, a friendly black bear zombie, a friendly rime drake zombie, a friendly
spriggan zombie, 3 friendly swamp worm zombies and a friendly crocodile
skeleton.

Vanquished Creatures
  A frost giant (IceCv)
  2 death yaks (Lair:6)
  Nergalle (Lair:1)
  The ghost of Gorglomux the Fighter, a novice MiSu (D:8)
  An unseen horror (D:11)
  An orb spider (Lair:2)
  An ugly thing (D:11)
  2 black mambas
  12 spiny frogs
  2 rime drakes
  6 komodo dragons
  15 polar bears
  A troll (D:11)
  2 blink frogs (Lair:6)
  4 dream sheep (Lair:6)
  4 hippogriffs
  A spriggan (D:8)
  23 yaks
  Sigmund (D:3)
  A basilisk (Lair:3)
  2 wyverns
  4 wraiths (Lair:4)
  2 vampire mosquitoes (Lair:1)
  2 insubstantial wisps (Lair:1)
  10 water moccasins
  2 swamp worms (Lair:6)
  8 porcupines
  2 phantoms (D:4)
  Purgy (D:3)
  A swamp drake (D:11)
  2 orc warriors
  3 ice beasts
  4 black bears
  A necrophage (D:10)
  4 ogres
  6 centaurs
  9 crocodiles
  21 wolves
  A big kobold (D:8)
  7 bullfrogs
  4 scorpions
  A killer bee (D:7)
  An oklob sapling (D:4)
  2 howler monkeys
  7 crimson imps
  A bullfrog zombie (D:6)
  7 hounds
  7 orc wizards
  3 bullfrog skeletons (D:5)
  2 centaur skeletons
  3 iguanas
  5 hell rats (Lair:2)
  7 worker ants
  2 hound skeletons
  Robin (D:3)
  12 adders
  4 river rats (Sewer)
  A shadow imp (D:10)
  A white imp (D:11)
  3 oozes
  16 worms
  2 dart slugs
  4 leopard geckos
  32 orcs
  5 ball pythons (Sewer)
  8 giant cockroaches
  11 goblins
  12 hobgoblins
  2 jackals (D:6)
  5 quokkas
  4 bats
  8 frilled lizards
  36 kobolds
  25 rats
  A fungus (Lair:3)
  5 plants
424 creatures vanquished.

Vanquished Creatures (collateral kills)
  Nessos (Lair:4)
  Josephine (Lair:4)
  3 hydras
  2 two-headed ogres (D:8)
  3 death yaks
  An ugly thing (D:11)
  An ice statue (IceCv)
  A spiny frog (Lair:5)
  3 komodo dragons
  A rime drake (Lair:6)
  8 polar bears
  2 hippogriffs
  7 dream sheep (Lair:6)
  A spriggan (Lair:6)
  3 wyverns
  13 yaks
  A vampire mosquito (Lair:1)
  A hungry ghost (D:9)
  2 insubstantial wisps (Lair:1)
  2 swamp worms (Lair:6)
  A water moccasin (Lair:2)
  4 porcupines
  2 ice beasts (D:11)
  3 orc warriors
  A sky beast (D:9)
  5 black bears
  2 ogres
  A boggart (Lair:6)
  A phantom (D:8)
  4 centaurs
  11 wolves
  3 big kobolds
  9 crocodiles
  3 bullfrogs
  A scorpion (D:8)
  2 killer bees (D:6)
  An electric eel (D:11)
  2 crimson imps
  A bullfrog zombie (D:11)
  A jelly (D:6)
  A quasit (D:9)
  2 orc priests (D:10)
  2 bullfrog skeletons
  3 hounds
  4 orc wizards
  2 hell rats (Lair:2)
  A hound zombie (D:10)
  2 adders (D:9)
  A shadow imp (D:10)
  A howler monkey simulacrum (D:11)
  5 worms (Lair:6)
  3 leopard geckos
  15 orcs
  A giant cockroach (D:8)
  7 kobolds
  A quokka skeleton (D:8)
  A rat (D:3)
  14 fungi
  14 plants
195 creatures vanquished.

Vanquished Creatures (others)
  A death yak zombie (IceCv)
  14 flying skulls
  A black mamba zombie (Lair:4)
  2 wraiths (Lair:4)
  A vampire mosquito (Lair:1)
  A spiny frog zombie (Lair:1)
  2 vampire mosquito zombies (Lair:1)
  A komodo dragon zombie (Lair:6)
  7 yak zombies
  3 polar bear zombies (IceCv)
  8 wolf zombies
  A centaur zombie (D:7)
  A porcupine skeleton (D:9)
  A mummy (IceCv)
  A scorpion zombie (D:4)
  An adder zombie (D:3)
  An electric eel zombie (D:11)
  2 worm zombies (Lair:6)
  A goblin zombie (D:3)
  A jackal zombie (D:6)
  2 kobold zombies (D:6)
  A leopard gecko zombie (D:3)
  4 orc zombies
  A fungus (Lair:6)
  7 plants
66 creatures vanquished.

Grand Total: 685 creatures vanquished

Notes
Turn   | Place    | Note
-------+----------+-------------------------------------------
     0 | D:1      | sankara the Hill Orc Fighter began the quest for the Orb.
     0 | D:1      | Reached XP level 1. HP: 19/19 MP: 1/1
   129 | D:1      | Reached skill level 3 in Axes
   187 | D:1      | Reached XP level 2. HP: 16/26 MP: 2/2
   400 | D:1      | Reached skill level 4 in Axes
   697 | D:2      | Reached XP level 3. HP: 31/31 MP: 3/3
   981 | D:2      | Reached skill level 5 in Axes
  1428 | D:2      | Reached XP level 4. HP: 36/39 MP: 4/4
  1770 | D:2      | Found a basalt altar of Yredelemnul.
  1780 | D:2      | Became a worshipper of Yredelemnul the Dark
  1896 | D:3      | Reached skill level 6 in Axes
  1932 | D:3      | Noticed Sigmund
  1947 | D:3      | Noticed Purgy
  1962 | D:3      | Found a glowing golden altar of the Shining One.
  1984 | D:3      | HP: 9/39 [something (4)]
  2107 | D:3      | Found a white marble altar of Elyvilon.
  2144 | D:3      | Found a glowing drain.
  2163 | D:3      | Reached XP level 5. HP: 12/45 MP: 5/5
  2163 | D:3      | HP: 11/45 [poisoned by an adder]
  2167 | D:3      | HP: 5/45 [poisoned by an adder]
  2169 | D:3      | Reached skill level 7 in Axes
  2187 | Sewer    | Entered a sewer
  2582 | Sewer    | Reached * piety under Yredelemnul
  2719 | Sewer    | Reached skill level 8 in Axes
  2727 | Sewer    | Reached XP level 6. HP: 51/51 MP: 6/6
  2844 | Sewer    | Reached ** piety under Yredelemnul
  3176 | D:3      | Noticed Robin
  3179 | D:3      | Reached skill level 1 in Invocations
  3193 | D:3      | Killed Robin
  3194 | D:3      | HP: 11/51 [something (7)]
  3209 | D:3      | HP: 10/51 [adder (3)]
  3215 | D:3      | HP: 7/51 [leopard gecko (4)]
  3622 | D:3      | Killed Sigmund
  3622 | D:3      | Reached skill level 3 in Invocations
  3622 | D:3      | Reached XP level 7. HP: 53/57 MP: 9/9
  3708 | D:3      | Killed Purgy
  3708 | D:3      | Reached skill level 9 in Axes
  3708 | D:3      | Reached skill level 4 in Invocations
  3898 | D:4      | Found a staircase to the Ecumenical Temple.
  4047 | Temple   | Entered the Ecumenical Temple
  4224 | D:4      | Reached skill level 5 in Invocations
  4710 | D:4      | Reached skill level 10 in Axes
  4746 | D:4      | Reached XP level 8. HP: 29/66 MP: 11/11
  5107 | D:4      | Found a shattered altar of Ashenzari.
  5478 | D:5      | Entered Level 5 of the Dungeon
  5621 | D:5      | Reached skill level 4 in Fighting
  5631 | D:5      | Reached skill level 1 in Dodging
  5744 | D:5      | Reached skill level 4 in Armour
  5744 | D:5      | Reached skill level 4 in Shields
  6024 | D:5      | Reached skill level 6 in Invocations
  6199 | D:6      | Reached skill level 2 in Dodging
  6497 | D:6      | Reached skill level 5 in Fighting
  6497 | D:6      | Reached XP level 9. HP: 69/74 MP: 13/13
  6533 | D:6      | Found a glowing golden altar of the Shining One.
  6538 | D:6      | Reached skill level 11 in Axes
  6655 | D:6      | Reached *** piety under Yredelemnul
  6749 | D:6      | Found a snail-covered altar of Cheibriados.
  7033 | D:6      | Found an ancient bone altar of Kikubaaqudgha.
  7063 | D:6      | Found an ornate altar of the Wu Jian Council.
  7089 | D:6      | Found an opulent altar of Gozag.
  7092 | D:6      | Found a shadowy altar of Dithmenos.
  7109 | D:7      | Found Etsual's Book Shoppe.
  7485 | D:7      | Reached skill level 5 in Armour
  7495 | D:7      | Found Byxzuh's Armour Shoppe.
  7634 | D:7      | Found Awkag's Jewellery Emporium.
  7642 | D:7      | Reached skill level 7 in Invocations
  7764 | D:7      | Found Keyffuet's Weapon Shoppe.
  7915 | D:7      | Found Oreingih's Book Shop.
  7931 | D:7      | Reached skill level 3 in Dodging
  8358 | D:8      | Reached skill level 6 in Fighting
  8363 | D:8      | Received a gift from Yredelemnul (2 flying skulls)
  8426 | D:8      | Noticed Gorglomux's ghost (novice MiSu)
  8445 | D:8      | Killed Gorglomux's ghost
  8445 | D:8      | Reached skill level 6 in Armour
  8548 | D:8      | Noticed a two-headed ogre
  8556 | D:8      | Killed a two-headed ogre
  8556 | D:8      | Reached skill level 8 in Invocations
  8556 | D:8      | Reached XP level 10. HP: 33/84 MP: 14/16
  8935 | D:8      | Reached skill level 4 in Dodging
  8945 | D:8      | Noticed a two-headed ogre
  8952 | D:8      | Killed a two-headed ogre
  8952 | D:8      | Reached skill level 7 in Fighting
  8952 | D:8      | Reached skill level 12 in Axes
  9293 | D:8      | Received a gift from Yredelemnul (5 flying skulls)
  9373 | D:8      | Found a deep blue altar of Sif Muna.
  9455 | D:9      | HP: 19/86 [crocodile (5)]
  9458 | D:9      | Reached skill level 7 in Armour
  9458 | D:9      | Reached skill level 9 in Invocations
  9749 | D:9      | Found a staircase to the Lair.
  9755 | D:9      | Reached skill level 8 in Fighting
 10149 | D:9      | Reached **** piety under Yredelemnul
 10264 | D:9      | Reached skill level 10 in Invocations
 10573 | D:10     | Entered Level 10 of the Dungeon
 10587 | D:10     | Reached skill level 13 in Axes
 10587 | D:10     | Reached XP level 11. HP: 95/95 MP: 18/18
 10683 | D:10     | Reached skill level 9 in Fighting
 10735 | D:10     | Found a shadowy altar of Dithmenos.
 11048 | D:10     | Found Itueraibb's Weapon Shoppe.
 11154 | D:11     | Reached ***** piety under Yredelemnul
 11223 | D:11     | Received a gift from Yredelemnul (a wraith)
 11277 | D:11     | Noticed a cyan ugly thing
 11284 | D:11     | Killed a cyan ugly thing
 11284 | D:11     | Reached skill level 10 in Fighting
 11354 | D:11     | Found Liditet's Distillery.
 11388 | D:11     | Found a frozen archway.
 11392 | IceCv    | Entered an ice cave
 11622 | IceCv    | Reached skill level 14 in Axes
 11828 | IceCv    | Noticed a death yak
 11836 | IceCv    | Received a gift from Yredelemnul (a mummy)
 11840 | IceCv    | HP: 18/101 [death yak (15)]
 11861 | IceCv    | Killed a death yak
 12236 | IceCv    | HP: 15/101 [polar bear (15)]
 12240 | IceCv    | Reached skill level 11 in Fighting
 12809 | IceCv    | Reached skill level 15 in Axes
 13030 | IceCv    | Received a gift from Yredelemnul (2 flying skulls)
 13349 | IceCv    | Reached XP level 12. HP: 78/112 MP: 19/19
 13358 | IceCv    | HP: 26/112 [polar bear (18)]
 13368 | IceCv    | Received a gift from Yredelemnul (a flying skull)
 13373 | IceCv    | Reached skill level 12 in Fighting
 13376 | IceCv    | HP: 19/112 [yak (12)]
 13720 | IceCv    | Got a transparent hand axe
 13742 | IceCv    | Noticed a frost giant
 13792 | IceCv    | HP: 21/112 [polar bear (14)]
 14298 | IceCv    | HP: 9/113 [frost giant/battleaxe of freezing (25)]
 14299 | IceCv    | Killed a frost giant
 14766 | D:11     | Identified the +6 hand axe of Veenoter {elec, -Tele rF+ rC+} (You found it in an ice cave)
 14861 | D:11     | Reached skill level 16 in Axes
 15032 | D:11     | Received a gift from Yredelemnul (a wraith)
 15165 | D:11     | Found a staircase to the Orcish Mines.
 15744 | Lair:1   | Entered Level 1 of the Lair of Beasts
 15927 | Lair:1   | Reached skill level 13 in Fighting
 15927 | Lair:1   | Reached skill level 5 in Shields
 15951 | Lair:1   | Noticed Nergalle
 15960 | Lair:1   | HP: 27/115 [yak (8)]
 15965 | Lair:1   | HP: 25/115 [yak (3)]
 15974 | Lair:1   | Killed Nergalle
 16043 | Lair:1   | HP: 12/115 [komodo dragon (27)]
 16480 | Lair:1   | Got a transparent brass ring
 16481 | Lair:1   | Identified the ring of Lugonu's Pride {+Fly Str+4 Dex+4} (You found it on level 1 of the Lair of Beasts)
 16979 | Lair:2   | Reached skill level 8 in Armour
 16986 | Lair:2   | Reached skill level 5 in Dodging
 16986 | Lair:2   | Received a gift from Yredelemnul (a vampire)
 17074 | Lair:2   | Reached XP level 13. HP: 106/122 MP: 21/21
 17097 | Lair:2   | Reached skill level 11 in Invocations
 17558 | Lair:2   | Found a hole to the Spider Nest.
 17576 | Lair:2   | Reached skill level 6 in Shields
 18181 | Lair:3   | Gained mutation: You are covered in fur. (AC +1) [potion of mutation]
 18181 | Lair:3   | Gained mutation: You possess an exceptional clarity of mind. [potion of mutation]
 18645 | Lair:4   | Found a staircase to the Shoals.
 18831 | Lair:4   | Noticed Nessos
 18857 | Lair:4   | Killed Nessos
 19213 | Lair:4   | Noticed Josephine
 19225 | Lair:4   | Killed Josephine
 19547 | Lair:4   | Noticed Rupert
 19561 | Lair:4   | Killed Rupert
 19561 | Lair:4   | Enslaved Rupert
 20280 | Lair:5   | Reached skill level 9 in Armour
 20870 | Lair:5   | Reached skill level 7 in Shields
 20880 | Lair:5   | Received a gift from Yredelemnul (a phantasmal warrior)
 21051 | Lair:5   | Reached skill level 6 in Dodging
 21454 | Lair:6   | Entered Level 6 of the Lair of Beasts
 21603 | Lair:6   | Reached skill level 12 in Invocations
 21603 | Lair:6   | Received a gift from Yredelemnul (a skeletal warrior)
 21615 | Lair:6   | Reached skill level 14 in Fighting
 21937 | Lair:6   | Found a viscous altar of Jiyva.
 21963 | Lair:6   | Reached ****** piety under Yredelemnul
 21966 | Lair:6   | Received a gift from Yredelemnul (4 flying skulls)
 22101 | Lair:6   | Found a staircase to the Slime Pits.
 22261 | Lair:6   | Reached XP level 14. HP: 132/132 MP: 23/23
 22427 | Lair:6   | Received a gift from Yredelemnul (a flying skull)
 22439 | Lair:6   | Reached skill level 8 in Shields
 22447 | Lair:6   | Paralysed by a hornet for 3 turns
 22449 | Lair:6   | HP: 31/132 [polar bear (12)]
 22450 | Lair:6   | HP: 3/132 [spiny frog[a boggart] (13)]
 22450 | Lair:6   | Mangled by a polar bear

Vault maps used:
D:1:      dpeg_arrival_rooms_c, item_on_display_a
D:2:      marbit_many_paths, serial_bayou_pond_c
D:3:      tso_metal_star, gup_sewer_entry_glass, elyvilon_altar_5, uniq_purgy,
          uniq_robin, uniq_sigmund
D:4:      minmay_temple_entry_oklob, ashenzari_altar_1
D:5:      cheibrodos_helix_gallery, first_ration
D:6:      cheibrodos_thug_alley, grunt_temple_overflow_cloverleaf, slow_altar_2,
          basic_altar
D:7:      serial_shops, shop, nicolae_shop_stone, shop,
          nicolae_shop_statue_plus, kennysheep_mini
D:8:      led_sif_pool, the_bakery
D:9:      minmay_lair_entry_grove
D:10:     serial_shops, nicolae_shop_stone,
          nicolae_dithmenos_through_a_glass_darkly
D:11:     erik_orc_1, serial_ice, serial_ice_d, serial_ice_b, serial_ice_a,
          serial_ice_n, serial_ice_j, serial_ice_e,
          portal_ice_cave_entry_pillars_2, serial_shops,
          nicolae_shop_behind_doors, grunt_ministairs_12, lemuel_nasty_fountain
Temple:   zaba_magenta_temple
Lair:1:   serial_bayou_pond_a, pond, uniq_nergalle
Lair:2:   nicolae_spider_entry_orb_guardian, grunt_megastairs_1
Lair:3:   infiniplex_staircase_pool_2
Lair:4:   shoals_dummy_entry, uniq_rupert, uniq_josephine, uniq_nessos
Lair:5:   minivault_27, beast_lair_carwin_6
Lair:6:   minmay_lair_end_enchanted_forest, slime_altar_1, worms_lemuel
Sewer:    sewer_minmay_treatment
IceCv:    ice_cave_caverns_01

Skill      XL: |  1  2  3  4  5  6  7  8  9 10 11 12 13 14 |
---------------+-------------------------------------------+-----
Axes           | 3 4 5 6 8 10 11 13 15 16 | 16.0
Invocations    | 3 5 6 8 10 12 | 12.5
Fighting       | 5 6 8 11 13 14 | 14.3
Dodging        | 2 3 4 5 6 |  6.6
Armour         | 4 6 7 8 9 |  9.8
Shields        | 4 5 7 8 |  8.0

Action                   |  1- 3 |  4- 6 |  7- 9 | 10-12 | 13-15 || total
-------------------------+-------+-------+-------+-------+-------++-------
Melee: War axe           |   129 |   229 |   430 |   538 |       ||  1326
       Hand axe          |       |       |       |   199 |   402 ||   601
 Fire: Hunting sling     |       |       |       |       |     1 ||     1
Invok: Animate Remains   |       |    10 |    10 |       |       ||    20
       Injury Mirror     |       |     1 |     1 |       |       ||     2
       Recall Undead Sla |       |     1 |     2 |     9 |     9 ||    21
       Animate Dead      |       |       |     8 |    40 |    24 ||    72
       Enslave Soul      |       |       |       |       |     1 ||     1
       Drain Life        |       |       |       |       |     1 ||     1
Evoke: Wand              |       |       |       |     3 |       ||     3
  Use: Scroll            |     2 |     3 |     1 |     5 |     6 ||    17
       Potion            |       |     5 |       |     4 |     2 ||    11
 Stab: Distracted        |       |     1 |     5 |     6 |     4 ||    16
       Paralysed         |       |       |       |       |     4 ||     4
  Eat: Chunk             |     2 |     8 |    17 |    29 |    14 ||    70
       Ration            |       |     1 |     1 |     3 |     3 ||     8
Armor: Scale mail        |    67 |   123 |    89 |       |       ||   279
       Chain mail        |       |       |    68 |   317 |   123 ||   508
Dodge: Dodged            |    46 |    66 |    89 |   189 |    65 ||   455
Block: Shield            |    82 |   132 |   164 |   301 |   126 ||   805

Table legend:
 A = Spawn XP
 B = Non-spawn XP
 C = Spawn XP percentage of total XP
 D = Spawn monster count
 E = Non-spawn monster count
 F = Spawn count percentage of total count
 G = Total turns spent on level
                    A         B        C        D         E        F      G
               +---------+---------+-------+---------+---------+-------+---------
         Total |       0 |   57248 |   0.0 |       0 |     586 |   0.0 | 22450
               +---------+---------+-------+---------+---------+-------+---------
           D:1 |       0 |      32 |   0.0 |       0 |      18 |   0.0 |   675
           D:2 |       0 |      63 |   0.0 |       0 |      23 |   0.0 |  1447
           D:3 |       0 |     526 |   0.0 |       0 |      39 |   0.0 |   817
           D:4 |       0 |     600 |   0.0 |       0 |      19 |   0.0 |  1581
           D:5 |       0 |     648 |   0.0 |       0 |      16 |   0.0 |   628
           D:6 |       0 |     767 |   0.0 |       0 |      28 |   0.0 |  1364
           D:7 |       0 |     684 |   0.0 |       0 |      17 |   0.0 |   754
           D:8 |       0 |    2975 |   0.0 |       0 |      28 |   0.0 |  1492
           D:9 |       0 |    2721 |   0.0 |       0 |      36 |   0.0 |   874
          D:10 |       0 |    1954 |   0.0 |       0 |      32 |   0.0 |   613
          D:11 |       0 |    4217 |   0.0 |       0 |      58 |   0.0 |  1178
        Lair:1 |       0 |    4738 |   0.0 |       0 |      28 |   0.0 |  1227
        Lair:2 |       0 |    3389 |   0.0 |       0 |      26 |   0.0 |   845
        Lair:3 |       0 |    2357 |   0.0 |       0 |      10 |   0.0 |   682
        Lair:4 |       0 |    4775 |   0.0 |       0 |      16 |   0.0 |  1512
        Lair:5 |       0 |    4345 |   0.0 |       0 |      19 |   0.0 |  1444
        Lair:6 |       0 |   11557 |   0.0 |       0 |      75 |   0.0 |   996
         Sewer |       0 |     145 |   0.0 |       0 |      48 |   0.0 |   921
         IceCv |       0 |   10755 |   0.0 |       0 |      50 |   0.0 |  3363
               +---------+---------+-------+---------+---------+-------+---------

Vault maps used:
D:1:      dpeg_arrival_rooms_c, item_on_display_a
D:2:      marbit_many_paths, serial_bayou_pond_c
D:3:      tso_metal_star, gup_sewer_entry_glass, elyvilon_altar_5, uniq_purgy,
          uniq_robin, uniq_sigmund
D:4:      minmay_temple_entry_oklob, ashenzari_altar_1
D:5:      cheibrodos_helix_gallery, first_ration
D:6:      cheibrodos_thug_alley, grunt_temple_overflow_cloverleaf, slow_altar_2,
          basic_altar
D:7:      serial_shops, shop, nicolae_shop_stone, shop,
          nicolae_shop_statue_plus, kennysheep_mini
D:8:      led_sif_pool, the_bakery
D:9:      minmay_lair_entry_grove
D:10:     serial_shops, nicolae_shop_stone,
          nicolae_dithmenos_through_a_glass_darkly
D:11:     erik_orc_1, serial_ice, serial_ice_d, serial_ice_b, serial_ice_a,
          serial_ice_n, serial_ice_j, serial_ice_e,
          portal_ice_cave_entry_pillars_2, serial_shops,
          nicolae_shop_behind_doors, grunt_ministairs_12, lemuel_nasty_fountain
Temple:   zaba_magenta_temple
Lair:1:   serial_bayou_pond_a, pond, uniq_nergalle
Lair:2:   nicolae_spider_entry_orb_guardian, grunt_megastairs_1
Lair:3:   infiniplex_staircase_pool_2
Lair:4:   shoals_dummy_entry, uniq_rupert, uniq_josephine, uniq_nessos
Lair:5:   minivault_27, beast_lair_carwin_6
Lair:6:   minmay_lair_end_enchanted_forest, slime_altar_1, worms_lemuel
Sewer:    sewer_minmay_treatment
IceCv:    ice_cave_caverns_01

Table legend:
 A = Turns spent in this place as a percentage of turns spent in the entire game.
 B = Non-inter-level travel turns spent in this place as a percentage of non-inter-level travel turns spent in the entire game.
 C = Inter-level travel turns spent in this place as a percentage of turns spent in this place.
 D = Turns resting spent in this place as a percentage of non-inter-level travel turns spent in this place.
 E = Turns spent auto-exploring this place as a percentage of non-inter-level travel turns spent in this place.
 F = Non-inter-level travel turns spent in this place divided by the number of levels of this place that you've seen.
                   A       B       C       D       E      F
               +-------+-------+-------+-------+-------+----------------------
         Total | 100.0 | 100.0 |   2.4 |  36.8 |  40.4 | 1095.2
       Dungeon |  50.9 |  50.2 |   3.7 |  27.5 |  46.2 | 1000.4
        Temple |   0.2 |   0.2 |   0.0 |  94.6 |   0.0 |  37.0
          Lair |  29.9 |  30.0 |   1.9 |  34.2 |  47.2 | 1096.5
         Sewer |   4.1 |   4.2 |   0.0 |  31.9 |  42.5 | 921.0
      Ice Cave |  15.0 |  15.4 |   0.0 |  72.7 |   8.2 | 3363.0
               +-------+-------+-------+-------+-------+----------------------

Table legend:
 A = Kills in this place as a percentage of kills in entire the game.
 B = Kills by you in this place as a percentage of kills by you in the entire game.
 C = Kills by friends in this place as a percentage of kills by friends in the entire game.
 D = Other kills in this place as a percentage of other kills in the entire game.
 E = Experience gained in this place as a percentage of experience gained in the entire game.
 F = Experience gained in this place divided by the number of levels of this place that you have seen.
                   A       B       C       D       E      F
               +-------+-------+-------+-------+-------+----------------------
         Total | 100.0 | 100.0 | 100.0 | 100.0 | 100.0 | 2862.4
       Dungeon |  53.6 |  53.6 |  53.9 |   0.0 |  26.5 | 1380.6
          Lair |  29.7 |  26.6 |  37.1 | 100.0 |  54.4 | 5193.5
         Sewer |   8.2 |  11.5 |   0.0 |   0.0 |   0.3 | 145.0
      Ice Cave |   8.5 |   8.4 |   9.0 |   0.0 |  18.8 | 10755.0
               +-------+-------+-------+-------+-------+----------------------
